 Seeded DCSS version 0.24.0-41-g2ae2f7f1be (console) character file.

Game seed: 93891015573, levelgen mode: deterministic

34 Kagalorn the Chucker (level 3, -1/27 HPs)
             Began as a Human Hunter on Dec 11, 2019.
             Was a Believer of Uskayaw.
             Slain by Robin
             ... wielding a +0 club
              (6 damage)
             ... on level 2 of the Dungeon.
             The game lasted 00:02:35 (917 turns).

Kagalorn the Chucker (Human Hunter)                  Turns: 917, Time: 00:02:35

Health: -1/27      AC:  4    Str: 12    XL:     3   Next: 50%
Magic:  2/3        EV: 12    Int: 12    God:    Uskayaw [**....]
Gold:   77         SH:  0    Dex: 13    Spells: 2/2 levels left

rFire    . . .     SeeInvis .   a - +0 short sword
rCold    . . .     Gourm    .   (no shield)
rNeg     . . .     Faith    .   e - +0 leather armour
rPois    .         Spirit   .   n - +0 helmet
rElec    .         Reflect  .   (no cloak)
rCorr    .         Harm     .   (no gloves)
MR       .....                  (no boots)
Stlth    +.........             (no amulet)
HPRegen  0.09/turn              (no ring)
MPRegen  0.08/turn              (no ring)

@: no status effects
A: no striking features
a: Stomp, Line Pass, Renounce Religion


You were on level 2 of the Dungeon.
You worshipped Uskayaw.
Uskayaw was noncommittal.
You were not hungry.

You visited 1 branch of the dungeon, and saw 2 of its levels.

You collected 77 gold pieces.

Inventory:

Hand Weapons
 a - a +0 short sword (weapon)
 b - a +0 hunting sling
Missiles
 c - 6 javelins
 d - 2 throwing nets
 h - 46 stones
 i - 34 sling bullets
 q - 14 poisoned darts (quivered)
Armour
 e - a +0 leather armour (worn)
 n - a +0 helmet (worn)
Scrolls
 j - a scroll of random uselessness {unknown}
 k - 2 scrolls of remove curse {unknown}
 l - a scroll of enchant weapon {unknown}
 m - a scroll of magic mapping {unknown}
 o - a scroll of fear {unknown}
 s - a scroll of identify {unknown}
Potions
 g - a potion of haste {unknown}
 p - 2 potions of flight {unknown}
 r - a potion of ambrosia {unknown}
Comestibles
 f - a ration


   Skills:
 - Level 2.0 Fighting
 * Level 5.1 Throwing
 - Level 2.0 Dodging
 - Level 1.0 Stealth


You had 2 spell levels left.
You didn't know any spells.
Your spell library was empty.

Dungeon Overview and Level Annotations

Branches:
Dungeon (2/15)

Altars:
Uskayaw

Annotations:
D:2 Robin


Message History

Robin is heavily wounded.
Robin closely misses you.
You hit Robin but do no damage.
Robin is heavily wounded.
Robin barely misses you.
You hit Robin but do no damage.
Robin is heavily wounded.
A goblin comes into view. It is wielding a +0 club.
Robin misses you.
You hit Robin but do no damage.
Robin is heavily wounded.
The hobgoblin no longer looks unusually strong.
The goblin hits you with a +0 club.
* * * LOW HITPOINT WARNING * * *
Robin roars a battlecry!
The goblins go into a battle-frenzy!
You completely miss the goblin.
The goblin no longer looks unusually strong.
The goblin closely misses you. Robin hits you with a +0 club.
You die...

###...#####..# ##.
#.# # #.# #.# #g#.#
#g#.# #g#.### #
#g#... #. #@#.#
#.###)g.#######
#...#..........
#.....###... . ..
#.)#..###.### .##
..s#.#_#.....<..
....
.......#.......#
#..#
#...#.......#..#...
#...#.##...##..#.#.#


You could see Robin, a hobgoblin and 3 goblins.

Vanquished Creatures
  2 dart slugs (D:1)
  4 bats
  3 giant cockroaches
  7 goblins
  5 hobgoblins
  3 frilled lizards (D:1)
  2 kobolds (D:1)
  A rat (D:1)
27 creatures vanquished.

Notes
Turn   | Place    | Note
-------+----------+-------------------------------------------
     0 | D:1      | Kagalorn the Human Hunter began the quest for the Orb.
     0 | D:1      | Reached XP level 1. HP: 16/16 MP: 1/1
   291 | D:1      | Reached XP level 2. HP: 20/22 MP: 2/2
   599 | D:1      | Reached XP level 3. HP: 24/27 MP: 3/3
   823 | D:2      | Noticed Robin
   851 | D:2      | Found a faded altar of an unknown god.
   863 | D:2      | Became a worshipper of Uskayaw the Reveler
   863 | D:2      | Reached * piety under Uskayaw
   867 | D:2      | Reached ** piety under Uskayaw
   884 | D:2      | Reached skill level 5 in Throwing
   893 | D:2      | Reached *** piety under Uskayaw
   917 | D:2      | Slain by Robin

Levels and vault maps discovered:
D:1:      minmay_arrival_four_houses, layout_loops_ring,
          hangedman_feature_mirror
D:2:      layout_loops_ring, chequers_ecumenical_altar_simple, uniq_robin

Skill      XL: |  1  2  3 |
---------------+----------+-----
Throwing       | 5 |  5.1
Fighting       | |  2.0
Dodging        | |  2.0
Stealth        | |  1.0

Action                   || total
-------------------------++-------
Melee: Short sword       ||   108
Invok: Stomp             ||     1
 Stab: Paralysed         ||     1
       Sleeping          ||     1
Armor: Leather armour    ||    33
Dodge: Dodged            ||    84
